AoeStats
← RaskWarrioR

African Clearing

510537320Analyzed
2v2 RM · 1d ago on Oct 1, 2026· 25m 50s· 4 players
Game mode
Random Map
Map size
Medium (4 player)
Population
200
Speed
Normal
Resources
Standard
Victory
Conquest
Starting age
Dark Age
Ending age
Imperial Age
RankedLock teamsTeams togetherTeam positionsShared explorationLock speedFull tech treeHidden civsTurbo modeCheats
Victory
Defeat
🇩🇪 Malians · Germany
1243
+13
🇵🇪 Magyars · Peru
1236
+13
🇦🇺 Romans · Australia
1259
-16
🇭🇰 Maya · Hong Kong SAR China
1097
-10
Magic Beam
5:44 Loom
14:11 Feudal Age
14:27 Man-at-Arms
16:37 Scale Mail Armor
19:41 Castle Age
20:56 Chain Mail Armor
20:15 Long Swordsman
20:56 Squires
26:36 Wheelbarrow
RaskWarrioR
13:51 Loom
15:37 Feudal Age
20:31 Castle Age
18:33 Double-Bit Axe
21:24 Light Cavalry
22:13 Scale Barding Armor
21:50 Light Cavalry
25:04 Chain Barding Armor
26:10 Husbandry
Dickus Giganticus
10:47 Loom
15:11 Feudal Age
16:29 Double-Bit Axe
19:11 Castle Age
22:54 Bow Saw
23:07 Horse Collar
24:04 Gold Mining
Arfah
6:12 Loom
16:50 Feudal Age
20:50 Castle Age
19:46 Man-at-Arms
20:29 Scale Mail Armor
22:48 Long Swordsman
Connection lost

Rejoining the realm…

Still unreachable

The connection could not be restored.

Session expired

The server has moved on; the page needs a fresh start.